 Dungeon Crawl Stone Soup version 0.29.0 (webtiles) character file.

Game seed: 340309083236165936

135 brinewave the Stinger (level 5, -4/42 HPs)
             Began as a Naga Venom Mage on Sept 10, 2022.
             Slain by a phantom (6 damage)
             ... on level 4 of the Dungeon.
             The game lasted 00:09:57 (3373 turns).

brinewave the Stinger (Naga Venom Mage)             Turns: 3373, Time: 00:09:57

Health: -4/42      AC: -1    Str: 21    XL:     5   Next: 18%
Magic:  9/9        EV: 10    Int: 17    God:
Gold:   125        SH:  0    Dex: 14    Spells: 9/10 levels left

rFire   + . .      SeeInvis +   i - +0 dagger
rCold   + . .      Faith    .   (no shield)
rNeg    . . .      Spirit   .   f - +0 robe of Nemelex Xobeh's Regard {*Corrode rElec Str+4 Dex+3}
rPois   +          Reflect  .   (no helmet)
rElec   +          Harm     .   o - scarf {rC+ rF+}
rCorr   .          Rampage  .   (no gloves)
Will    .....                   (no barding)
Stlth   ++........              (no amulet)
HPRegen 0.14/turn               c - +6 ring of strength
MPRegen 0.11/turn               (no ring)

@: mighty, corroded, very slow
A: AC +1, large, see invisible, deformed body, poison resistance, slowness 2,
spit poison 1, naga tail 1
a: Spit Poison


You were on level 4 of the Dungeon.
You visited 1 branch of the dungeon, and saw 4 of its levels.

You collected 125 gold pieces.

Inventory:

Hand Weapons
 i - a +0 dagger (weapon)
Missiles
 n - 3 poisoned darts
Armour
 a - a +0 robe
 f - the +0 robe of Nemelex Xobeh's Regard (worn) {*Corrode rElec Str+4 Dex+3}
   (You found it on level 3 of the Dungeon)

   Str:       It affects your strength (+4).
   Dex:       It affects your dexterity (+3).
   rElec:     It insulates you from electricity.
   *Corrode:  It may corrode you when you take damage.
 o - a scarf of resistance (worn)
Jewellery
 c - a +6 ring of strength (left hand)
Scrolls
 d - a scroll of fog
 h - 2 scrolls of amnesia
 k - a scroll of poison
 l - a scroll of blinking {unknown}
 m - a scroll of teleportation {unknown}
 q - a scroll of noise {unknown}
 r - a scroll of magic mapping {unknown}
Potions
 b - a potion of magic
 e - 2 potions of curing
 g - 2 potions of flight


   Skills:
 - Level 1.5 Dodging
 - Level 3.0 Stealth
 + Level 3.2 Spellcasting
 + Level 2.8 Transmutations
 + Level 5.4 Poison Magic


You had 9 spell levels left.
You knew the following spells:

 Your Spells              Type           Power      Damage    Failure   Level
a - Sting                 Tmut/Pois      64%        1d6       3%          1

Your spell library contained the following spells:

 Spells                   Type           Power      Damage    Failure   Level
 Poisonous Vapours        Pois/Air       22%        N/A       9%          2
 Olgreb's Toxic Radiance  Pois           21%        N/A       19%         4
 Mephitic Cloud           Conj/Pois/Air  8%         N/A       24%         3


Dungeon Overview and Level Annotations

Branches:
Dungeon (4/15)
 Temple: D:4-7

Altars:
Ashenzari
Dithmenos
Nemelex Xobeh
Sif Muna
Zin


Innate Abilities, Weirdness & Mutations

Your serpentine skin is tough. (AC +1)
You have supernaturally acute eyesight. (SInv)
Armour fits poorly on your strangely shaped body.
Your system is resistant to poisons. (rPois)
You cover ground very slowly.
You can spit poison.
You have a snake-like lower body.


Message History

You now have 125 gold pieces (gained 6).
h - 2 scrolls of amnesia (gained 1)
A phantom comes into view.
Press: ? - help, v - describe, . - travel
Here: a phantom (dormant)
The floor.
You hit the phantom.
The phantom is lightly damaged.
The phantom hits you.
You hit the phantom but do no damage. The phantom barely misses you.
You hit the phantom but do no damage. The phantom hits you.
The phantom blinks!
You blink.
You closely miss the phantom. The phantom closely misses you.
You miss the phantom. The phantom barely misses you.
You hit the phantom but do no damage. The phantom hits you!
The phantom blinks!
You blink.
You barely miss the phantom. The phantom closely misses you.
The phantom barely misses you. The phantom attacks as you move away!
The phantom hits you. x2
The phantom attacks as you move away! The phantom barely misses you.
The phantom hits you!
The phantom blinks!
You blink.
The phantom hits you.
The phantom blinks!
You blink.
The phantom attacks as you move away! The phantom barely misses you.
The phantom attacks as you move away! The phantom hits you.
* * * LOW HITPOINT WARNING * * *
It was a potion of might.
You feel very mighty all of a sudden. The phantom hits you.
* * * LOW HITPOINT WARNING * * *
You hit the phantom but do no damage. The phantom hits you.
* * * LOW HITPOINT WARNING * * *
Your corrosive artefact corrodes you!
You feel better. The phantom hits you.
The phantom blinks!
You blink.
The phantom hits you!
* * * LOW HITPOINT WARNING * * *
The phantom attacks as you move away! The phantom barely misses you.
The phantom attacks as you move away! The phantom hits you.
* * * LOW HITPOINT WARNING * * *
The phantom hits you.
You die...

#..# ##.# #.# #.#
#.# #.# #.# #.# #@#
#W# #.#
####.############
#.......ยงยง.......
#.##.############
#.##.# #.##.#
#....#


You could see a phantom.

Vanquished Creatures
  An orc priest (D:3)
  A gnoll (D:1)
  4 adders
  A worm (D:3)
  3 dart slugs
  2 orcs (D:3)
  2 bats (D:3)
  4 endoplasms
  12 giant cockroaches (D:3)
  5 hobgoblins
  4 kobolds
  A quokka (D:3)
  3 ball pythons
  2 frilled lizards
  A goblin (D:2)
  2 rats
48 creatures vanquished.

Vanquished Creatures (others)
  A rat (D:3)
1 creature vanquished.

Grand Total: 49 creatures vanquished

Notes
Turn   | Place    | Note
-------+----------+-------------------------------------------
     0 | D:1      | brinewave the Naga Venom Mage began the quest for the Orb.
     0 | D:1      | Reached XP level 1. HP: 15/15 MP: 3/3
     7 | D:1      | You fall into a shaft and drop 1 floor!
   372 | D:1      | Reached XP level 2. HP: 17/22 MP: 3/5
  1057 | D:2      | Reached XP level 3. HP: 23/28 MP: 0/6
  1515 | D:2      | Reached XP level 4. HP: 36/36 MP: 6/8
  1612 | D:2      | Found a shadowy altar of Dithmenos.
  1799 | D:3      | Reached skill level 5 in Poison Magic
  2614 | D:3      | Reached XP level 5. HP: 42/42 MP: 1/9
  2856 | D:3      | Identified the +0 robe of Nemelex Xobeh's Regard {*Corrode
                  | rElec Str+4 Dex+3}
  2868 | D:3      | Found a broken altar of Ashenzari.
  2868 | D:3      | Found a shimmering blue altar of Sif Muna.
  3276 | D:4      | Found a glowing silver altar of Zin.
  3279 | D:4      | Found a sparkling altar of Nemelex Xobeh.
  3338 | D:4      | Noticed a phantom
  3373 | D:4      | HP: 2/42 [phantom (6)]
  3373 | D:4      | Slain by a phantom

Illustrated notes

Levels and vault maps discovered:
D:1:      scummos_arrival_checkerplants, layout_loops_ring
D:2:      layout_basic, basic_altar
D:3:      minmay_roachtagon, layout_loops_corners, jmf_multi_god_temple,
          lemuel_flame_loot_1
D:4:      layout_loops_ring, chequers_temple_overflow_statue_of_worship,
          nicolae_overflow_hidden_temple, minmay_temple_entry_nine_rooms

Skill      XL: |  1  2  3  4 |
---------------+-------------+-----
Transmutations | 2 |  2.8
Poison Magic   | 5 |  5.4
Spellcasting   | 3 |  3.2
Dodging        | |  1.5
Stealth        | |  3.0

Action                   |  1- 3 |  4- 6 || total
-------------------------+-------+-------++-------
Melee: Unarmed           |     3 |       ||     3
       Dagger            |    16 |    36 ||    52
 Cast: Sting             |    31 |    46 ||    77
  Use: Scroll            |       |     7 ||     7
       Potion            |       |     2 ||     2
Armor: Robe              |     2 |     9 ||    11
Dodge: Dodged            |    18 |    29 ||    47
